[Event "Team 45 45 League T86"]
[Site "Internet Chess Club"]
[Date "2020.11.07"]
[Round "6"]
[White "primerpaso"]
[Black "fledermaus"]
[Result "1/2-1/2"]
[WhiteElo "1786"]
[BlackElo "1917"]
[Opening "English opening"]
[ECO "A13"]
[Time "15:02:05"]
[TimeControl "2700+45"]

1. c4 e6 2. Nc3 d5 3. cxd5 exd5 4. d4 c6 5. g3 Nf6 6. Bg2 Bf5 7. Nf3 Bd6 8. O-O
O-O 9. a3 Re8 10. Re1 h6 11. Bd2 Nbd7 12. Na2 a5 13. Bc3 Ne4 14. Nd2 Ndf6 15.
Nxe4 dxe4 16. e3 Qd7 17. Qd2 Bc7 18. b4 axb4 19. Nxb4 Ra7 20. Qb2 Nd5 21. Nxd5
Qxd5 22. Rec1 Rea8 23. Bb4 Bd6 24. Bc5 Bxc5 25. Rxc5 Qd7 26. Rc3 {Game drawn by
mutual agreement} 1/2-1/2

[Event "Team 45 45 League T86"]
[Site "Internet Chess Club"]
[Date "2020.11.07"]
[Round "6"]
[White "JeffH"]
[Black "ElValero"]
[Result "1-0"]
[WhiteElo "1785"]
[BlackElo "1572"]
[Opening "French: Winawer (Nimzovich) variation"]
[ECO "C15"]
[Time "10:01:16"]
[TimeControl "2700+45"]

1. e4 e6 2. d4 d5 3. Nc3 Bb4 4. a3 Bf8 5. Nf3 dxe4 6. Nxe4 Nf6 7. Nxf6+ gxf6 8.
Bd3 b6 9. Be4 c6 10. O-O f5 11. Bd3 Bg7 12. c3 Bb7 13. Bg5 Qd6 14. Re1 O-O 15.
Qd2 c5 16. dxc5 bxc5 17. Bh6 Bxh6 18. Qxh6 Bxf3 19. Bxf5 Rd8 20. Bxh7+ {Black
resigns} 1-0

[Event "Team 45 45 League T86"]
[Site "Internet Chess Club"]
[Date "2020.11.10"]
[Round "6"]
[White "andrew37"]
[Black "MathBandit"]
[Result "0-1"]
[WhiteElo "1682"]
[BlackElo "1679"]
[Opening "Queen's pawn game, Chigorin variation"]
[ECO "D02"]
[Time "16:30:14"]
[TimeControl "2700+45"]

1. Nf3 d5 2. d4 Nc6 3. c4 e5 4. cxd5 Qxd5 5. Nc3 Bb4 6. Bd2 Bxc3 7. Bxc3 e4 8.
Ne5 Nxe5 9. dxe5 Ne7 10. e3 O-O 11. Be2 Be6 12. O-O Ng6 13. Qxd5 Bxd5 14. Rfd1
Rad8 15. a3 Rfe8 16. Rd2 Nxe5 17. Rad1 c6 18. Bxe5 Rxe5 19. Bc4 b5 20. Bb3 Kf8
21. Rd4 Ke7 22. f3 exf3 23. gxf3 Rxe3 24. Bxd5 Rxd5 25. Rxd5 cxd5 26. Kf2 Rb3
27. Rd2 Kd6 28. Kg3 Ke5 29. Re2+ Kd6 30. Rd2 b4 31. axb4 Rxb4 32. Rc2 Kd7 33.
Rd2 d4 34. Kf4 Kd6 35. Ke4 g6 36. f4 f5+ 37. Kf3 Rb3+ 38. Kf2 Kd5 39. Re2 Re3
40. Rxe3 dxe3+ 41. Kxe3 Kc4 42. h4 h5 {White resigns} 0-1

[Event "Team 45 45 League T86"]
[Site "Internet Chess Club"]
[Date "2020.11.07"]
[Round "6"]
[White "Grenadier"]
[Black "VictorRed"]
[Result "1-0"]
[WhiteElo "1579"]
[BlackElo "1636"]
[Opening "Sicilian: closed"]
[ECO "B23"]
[Time "20:07:16"]
[TimeControl "2700+45"]

1. e4 c5 2. Nc3 g6 3. g3 Bg7 4. Bg2 e6 5. d3 Ne7 6. Be3 d6 7. Nge2 O-O 8. O-O
Nbc6 9. Qd2 Re8 10. Rab1 Rb8 11. a3 Ne5 12. h3 b6 13. Bh6 Bh8 14. b3 d5 15. exd5
exd5 16. Bg5 f6 17. Bf4 Be6 18. d4 cxd4 19. Nxd4 Bf7 20. Rfe1 Rc8 21. g4 g5 22.
Bh2 N7g6 23. Nf5 Kf8 24. Rbd1 Ne7 25. Rxe5 fxe5 26. Nxe7 Qxe7 27. Nxd5 Bxd5 28.
Bxd5 Red8 29. c4 Rc7 30. Qc2 Bf6 31. Qf5 Kg7 32. Re1 Re8 33. Be4 Kh8 34. Rd1 Qe6
35. Qf3 Bg7 36. Bf5 Qe7 37. Qe4 h6 38. a4 a5 39. Rd5 Rc5 40. Rd7 Qf8 41. Qb7 Rb8
42. Qa7 Rcc8 43. Rf7 Qg8 44. Bxe5 Ra8 45. Bxg7+ Qxg7 46. Rxg7 Rxa7 47. Rxa7 Kg8
48. Bxc8 {Black resigns} 1-0

[Event "Team 45 45 League T86"]
[Site "Internet Chess Club"]
[Date "2020.11.07"]
[Round "6"]
[White "Ajolote"]
[Black "ChessJayden"]
[Result "1-0"]
[WhiteElo "2014"]
[BlackElo "1734"]
[Opening "Sicilian: closed, 6.Be3"]
[ECO "B26"]
[Time "22:00:49"]
[TimeControl "2700+45"]

1. e4 c5 2. Nc3 Nc6 3. g3 g6 4. Bg2 Bg7 5. d3 d6 6. Be3 e5 7. Nh3 Nge7 8. O-O
O-O 9. f4 Nd4 10. Qd2 b5 11. Nd1 Bb7 12. c3 Ndc6 13. f5 f6 14. fxg6 hxg6 15.
Ndf2 f5 16. Ng5 Qd7 17. Nfh3 b4 18. exf5 gxf5 19. Qe2 Qe8 20. Ne6 Rf6 21. Nc7
Qd8 22. Nxa8 Bxa8 23. Qh5 Qf8 24. g4 f4 25. g5 Rf5 26. Be4 fxe3 27. Bxf5 Nxf5
28. g6 Qc8 29. Rxf5 Ne7 30. Qh7# {Black checkmated} 1-0

[Event "Team 45 45 League T86"]
[Site "Internet Chess Club"]
[Date "2020.11.08"]
[Round "6"]
[White "handsomematch"]
[Black "hipopotamos"]
[Result "0-1"]
[WhiteElo "1239"]
[BlackElo "1748"]
[Opening "Ruy Lopez: Schliemann defense"]
[ECO "C63"]
[Time "18:10:41"]
[TimeControl "2700+45"]

1. e4 e5 2. Nf3 Nc6 3. Bb5 f5 4. exf5 Nf6 5. d3 Bc5 6. O-O d6 7. c3 O-O 8. Bxc6
bxc6 9. Nbd2 Bxf5 10. Nb3 Bb6 11. Bg5 Bg4 12. h3 Bh5 13. Re1 Qe8 14. d4 e4 15.
g4 Nxg4 16. hxg4 Bxg4 17. Nbd2 Qg6 18. Nxe4 Bxf3 19. Qxf3 Rxf3 {White resigns}
0-1

[Event "Team 45 45 League T86"]
[Site "Internet Chess Club"]
[Date "2020.11.07"]
[Round "6"]
[White "Kingfisher75"]
[Black "aec7r3b"]
[Result "1-0"]
[WhiteElo "1522"]
[BlackElo "1317"]
[Opening "Ruy Lopez: 5.O-O"]
[ECO "C78"]
[Time "17:03:21"]
[TimeControl "2700+45"]

1. e4 e5 2. Nf3 Nc6 3. Bb5 a6 4. Ba4 Nf6 5. O-O b5 6. Bb3 Bc5 7. c3 d6 8. d4 Bb6
9. a4 Rb8 10. axb5 axb5 11. Re1 Rg8 12. dxe5 dxe5 13. Qxd8+ Nxd8 14. Nxe5 Bb7
15. Nd2 c5 16. Bc2 Nc6 17. Ndf3 Nxe5 18. Nxe5 Nd7 19. Bf4 Nxe5 20. Bxe5 Rd8 21.
Rad1 f6 22. Bd6 g5 23. e5 fxe5 24. Rxe5+ Kf7 25. Re7+ Kf6 26. Rxb7 Ba5 27. Be7+
Ke6 28. Bxd8 Bxd8 29. Rb8 Ke7 30. Rbxd8 Rxd8 31. Rxd8 Kxd8 32. Bxh7 Kc7 33. g3
Kb6 34. f4 gxf4 35. gxf4 Ka5 36. b3 b4 37. cxb4+ Kxb4 38. f5 Kxb3 39. f6 c4 40.
f7 c3 41. f8=Q c2 42. Bxc2+ Kxc2 43. Qd6 Kc3 44. Kf2 Kc4 45. Ke3 Kb5 46. Qc7 Ka6
47. Qb8 Ka5 48. Kd4 Ka4 49. Kc4 Ka3 50. Qb3# {Black checkmated} 1-0

[Event "Team 45 45 League T86"]
[Site "Internet Chess Club"]
[Date "2020.11.07"]
[Round "6"]
[White "eevee11"]
[Black "fireball"]
[Result "1-0"]
[WhiteElo "1078"]
[BlackElo "1448"]
[Opening "French: Tarrasch, open variation"]
[ECO "C07"]
[Time "13:01:57"]
[TimeControl "2700+45"]

1. e4 e6 2. d4 d5 3. Nd2 c5 4. exd5 Qxd5 5. Ngf3 cxd4 6. Bc4 Qc5 7. O-O Nc6 8.
Re1 Nf6 9. Be2 Bd7 10. Nb3 Qb6 11. Nbxd4 O-O-O 12. Nxc6 Bxc6 13. Bd3 Ng4 14. Qe2
Bc5 15. Rf1 Qc7 16. g3 h5 17. Bf4 Bd6 18. Bxd6 Qxd6 19. Rfe1 f6 20. Rad1 Qe7 21.
Bc4 e5 22. Nh4 Qc5 23. Be6+ Bd7 24. Bxd7+ Rxd7 25. Rxd7 Kxd7 26. Qd3+ Kc8 27.
Qf5+ Kb8 28. Ng6 Rc8 29. Re2 Qc4 30. Rd2 Qxa2 31. Ne7 Re8 32. Qd7 Rh8 33. Qd6+
Ka8 34. Qd8+ Rxd8 35. Rxd8# {Black checkmated} 1-0

[Event "Team 45 45 League T86"]
[Site "Internet Chess Club"]
[Date "2020.11.08"]
[Round "6"]
[White "chessfish1"]
[Black "janh"]
[Result "1-0"]
[WhiteElo "1962"]
[BlackElo "1939"]
[Opening "Sicilian: closed, 2...Nc6"]
[ECO "B23"]
[Time "15:00:59"]
[TimeControl "2700+45"]

1. e4 c5 2. Nc3 Nc6 3. Bb5 Nd4 4. Nf3 Nxb5 5. Nxb5 a6 6. Nc3 e6 7. d4 cxd4 8.
Qxd4 Qc7 9. Be3 Ne7 10. Rd1 Nc6 11. Qd2 d6 12. Bf4 Ne5 13. Nxe5 dxe5 14. Bxe5
Qa5 15. O-O f6 16. Bd6 Kf7 17. Rfe1 b5 18. e5 f5 19. Qg5 Ra7 20. Qh5+ g6 21. Qh4
Bg7 22. Bc5 Rb7 23. b4 Qc7 24. f4 Re8 25. Rd3 Bd7 26. g4 Bc6 27. gxf5 gxf5 28.
Rh3 h6 29. Kf2 Qd8 30. Qh5+ Kg8 31. Rg1 Kh8 32. Rg6 Ree7 33. Bxe7 Qd4+ 34. Ke1
Qxf4 35. Bf6 Qc1+ {Black resigns} 1-0

[Event "Team 45 45 League T86"]
[Site "Internet Chess Club"]
[Date "2020.11.08"]
[Round "6"]
[White "achessman"]
[Black "Sloggi"]
[Result "1-0"]
[WhiteElo "1938"]
[BlackElo "1958"]
[Opening "English opening"]
[ECO "A05"]
[Time "22:02:17"]
[TimeControl "2700+45"]

1. Nf3 Nf6 2. c4 c6 3. g3 d5 4. b3 g6 5. Bb2 Bg7 6. Bg2 O-O 7. O-O Bf5 8. d3 a5
9. a3 a4 10. cxd5 cxd5 11. bxa4 Qb6 12. Ra2 Bd7 13. Nc3 e6 14. Qa1 Ne8 15. Rb1
Qa5 16. Nb5 Qxa4 17. Bxg7 Nxg7 18. Nd6 Ra7 19. Nxb7 Na6 20. Rab2 Rc8 21. Ne5 Be8
22. Nd6 Rc2 23. Rxc2 Qxc2 24. Rc1 Qa4 25. Rc8 Rc7 26. Rxc7 Nxc7 27. Qc1 Qa5 28.
e4 dxe4 29. Bxe4 f5 30. Bg2 Nd5 31. Nxe8 Nxe8 32. Qb2 Qe1+ 33. Bf1 Nec7 34. Nd7
Qc3 35. Qb8+ {Black resigns} 1-0

[Event "Team 45 45 League T86"]
[Site "Internet Chess Club"]
[Date "2020.11.10"]
[Round "6"]
[White "Tufnell"]
[Black "primerpaso"]
[Result "1/2-1/2"]
[WhiteElo "1886"]
[BlackElo "1791"]
[Opening "Sicilian: Najdorf"]
[ECO "B90"]
[Time "14:44:56"]
[TimeControl "2700+45"]

1. e4 c5 2. Nf3 d6 3. d4 cxd4 4. Nxd4 Nf6 5. Nc3 a6 6. f3 e5 7. Nb3 Be6 8. Be3
Nbd7 9. g4 h6 10. Qd2 b5 11. O-O-O b4 12. Nd5 Bxd5 13. exd5 Nb6 14. Qxb4 Nbxd5
15. Qa4+ Qd7 16. Qxd7+ Kxd7 17. Bd2 Nc7 18. h4 Be7 19. g5 Nh5 20. Rg1 hxg5 21.
hxg5 g6 22. Be3 Ne6 23. Be2 Kc7 24. Bc4 Nhg7 25. Rde1 Rh5 26. f4 exf4 27. Bxf4
Bxg5 28. Bxg5 Rxg5 29. Rxg5 Nxg5 30. Bxf7 Nxf7 31. Re7+ Kc6 32. Rxf7 Rg8 33.
Nd4+ Kd5 34. c3 g5 35. Kd2 Ke4 36. Ke2 Nh5 37. Kf2 Nf4 38. Re7+ Kd3 39. Rd7 Rb8
40. b3 Rb6 41. Nf3 Kxc3 42. Nxg5 Kb2 43. Ke3 Nd5+ 44. Kd4 Nb4 45. Ne4 Nxa2 46.
Nxd6 Kxb3 {Game drawn by mutual agreement} 1/2-1/2

[Event "Team 45 45 League T86"]
[Site "Internet Chess Club"]
[Date "2020.11.08"]
[Round "6"]
[White "ElValero"]
[Black "room-matt"]
[Result "1-0"]
[WhiteElo "1598"]
[BlackElo "1800"]
[Opening "QGA: classical, 6...a6"]
[ECO "D27"]
[Time "11:03:56"]
[TimeControl "2700+45"]

1. Nf3 d5 2. d4 Nf6 3. c4 dxc4 4. e3 e6 5. Bxc4 c5 6. O-O a6 7. dxc5 Bxc5 8.
Qxd8+ Kxd8 9. a3 Ke7 10. b4 Ba7 11. Bb2 b5 12. Bb3 Bb7 13. Nbd2 Nc6 14. Ne5 Rhc8
15. Ndf3 Nxe5 16. Bxe5 Ng4 17. Bb2 Bb8 18. h3 Bxf3 19. gxf3 Nh2 20. Rfc1 Nxf3+
21. Kg2 Be5 22. Kxf3 Bxb2 23. Rxc8 Rxc8 24. Ra2 Bc1 25. a4 Rc3 26. axb5 Rxb3 27.
bxa6 Rc3 28. a7 Rc8 29. a8=Q Rxa8 30. Rxa8 Kf6 31. b5 g5 32. b6 Bb2 33. b7 Be5
34. b8=Q Bxb8 35. Rxb8 h5 36. h4 gxh4 37. Rg8 Kf5 38. e4+ Kf6 39. Kf4 e5+ 40.
Kf3 h3 41. Kg3 h2 42. Kxh2 Ke6 43. Kg3 f6 44. Rh8 {Black resigns} 1-0

[Event "Team 45 45 League T86"]
[Site "Internet Chess Club"]
[Date "2020.11.08"]
[Round "6"]
[White "Ohanessian"]
[Black "Legal"]
[Result "1-0"]
[WhiteElo "2043"]
[BlackElo "1907"]
[Opening "Four knights: Gunsberg variation"]
[ECO "C47"]
[Time "10:00:34"]
[TimeControl "2700+45"]

1. e4 e5 2. Nf3 Nc6 3. Nc3 Nf6 4. a3 d5 5. Bb5 dxe4 6. Nxe5 Bd7 7. Bxc6 bxc6 8.
Qe2 Be7 9. Qc4 O-O 10. Nxc6 Bxc6 11. Qxc6 Bd6 12. O-O Qe7 13. d4 Qe6 14. Qb5 h6
15. Qe2 c6 16. h3 Rae8 17. Be3 Nh7 18. b3 Qg6 19. Qg4 Ng5 20. Bxg5 f5 21. Qe2
Qxg5 22. Qc4+ Kh8 23. Ne2 f4 24. f3 e3 25. Kh1 Bb8 26. Rad1 Rd8 27. c3 Rf6 28.
Rg1 Rg6 29. Qc5 Qh4 30. d5 Qf2 31. Qc4 cxd5 32. Qd3 Rg5 33. Rdf1 Qh4 34. c4 Rd6
35. cxd5 Rdxd5 36. Qe4 Rd8 37. Rd1 Rf8 38. Qe7 Rg8 39. Rd8 Be5 40. Rxg8+ Kxg8
41. Qd8+ Kh7 42. Qd3+ Kh8 43. Rc1 g6 44. Qd7 Bg7 45. Rc7 Qe1+ 46. Ng1 Qa1 47.
Rc8+ Kh7 48. Qd8 h5 49. Qxg5 e2 50. Rc6 Qb1 51. Rxg6 Qxg6 52. Qxg6+ Kxg6 53.
Nxe2 Kf5 54. Kg1 Be5 55. Kf2 h4 56. Ke1 Ke6 57. Kd2 Kd5 58. Kd3 a6 59. Nc3+ Ke6
60. Kc4 Kd6 61. Ne4+ Kc6 62. b4 Bc7 63. Nc5 Kb6 64. a4 a5 65. b5 {Black resigns}
1-0

[Event "Team 45 45 League T86"]
[Site "Internet Chess Club"]
[Date "2020.11.08"]
[Round "6"]
[White "The7thGuest"]
[Black "ulfbert"]
[Result "0-1"]
[WhiteElo "1823"]
[BlackElo "2022"]
[Opening "Neo-Grünfeld defense"]
[ECO "D70"]
[Time "10:02:14"]
[TimeControl "2700+45"]

1. d4 Nf6 2. Nf3 g6 3. c4 d5 4. cxd5 Nxd5 5. e4 Nb6 6. Nc3 Bg4 7. d5 Bg7 8. h3
Bxf3 9. Qxf3 c6 10. Be2 cxd5 11. exd5 O-O 12. O-O N8d7 13. Rd1 Nc8 14. Bf4 Nd6
15. Nb5 Bxb2 16. Rab1 Be5 17. Nxd6 exd6 18. Rxb7 Bxf4 19. Qxf4 Nc5 20. Rbb1 Re8
21. Bf3 Kg7 22. Qd4+ Qf6 23. Qxf6+ Kxf6 24. Rb4 Rab8 25. Rdb1 Rxb4 26. Rxb4 Re1+
27. Kh2 Ra1 28. Rb2 a5 29. Kg3 a4 30. Kf4 Nd3+ {White resigns} 0-1

[Event "Team 45 45 League T86"]
[Site "Internet Chess Club"]
[Date "2020.11.08"]
[Round "6"]
[White "Ehab"]
[Black "fileman"]
[Result "1-0"]
[WhiteElo "1849"]
[BlackElo "1837"]
[Opening "KP: Nimzovich defense"]
[ECO "B00"]
[Time "13:07:21"]
[TimeControl "2700+45"]

1. e4 Nc6 2. Nf3 d6 3. Bb5 Nf6 4. Nc3 e6 5. e5 dxe5 6. Nxe5 Bd7 7. Nxd7 Qxd7 8.
O-O a6 9. Ba4 b5 10. Bb3 Bc5 11. d3 O-O 12. Bg5 Be7 13. Qe2 Nd4 14. Qd2 a5 15.
Be3 a4 16. Bxd4 Qxd4 17. Nxb5 Qb6 18. Bc4 c6 19. Nc3 Qxb2 20. a3 Qb6 21. Rfb1
Qd4 22. Ne2 Qd7 23. Rb2 Rfb8 24. Qc1 h6 25. Rab1 Rxb2 26. Qxb2 Nd5 27. g3 Qd6
28. Qb7 Rd8 29. Nd4 Nc3 30. Rf1 Bf6 31. Nxc6 Rd7 32. Qa8+ Kh7 33. Nb4 h5 34. Qf3
Qc5 35. Na6 Qg5 36. h4 Qa5 37. Nb8 Rc7 38. Nc6 Qc5 39. Nb4 Qe5 40. d4 Qxd4 41.
Qxh5+ Kg8 42. Bd3 g6 43. Qa5 Rc8 44. Qa6 Rc7 45. Re1 Kg7 46. Nc6 Qd6 47. Nb4 Qd4
48. Qa8 g5 49. h5 Kh6 50. Qg8 Kxh5 51. Qh7+ Kg4 52. Re4+ Nxe4 53. Be2# {Black
checkmated} 1-0

[Event "Team 45 45 League T86"]
[Site "Internet Chess Club"]
[Date "2020.11.07"]
[Round "6"]
[White "DeepPoo"]
[Black "Portola"]
[Result "1-0"]
[WhiteElo "1756"]
[BlackElo "1657"]
[Opening "French: exchange variation"]
[ECO "C01"]
[Time "13:01:48"]
[TimeControl "2700+45"]

1. e4 e6 2. d4 d5 3. exd5 exd5 4. h3 c6 5. Nf3 Bf5 6. Bd3 Bxd3 7. Qxd3 Nf6 8.
O-O Be7 9. Bg5 O-O 10. c3 Nbd7 11. Nbd2 Re8 12. Rfe1 Nf8 13. Re3 h6 14. Bh4 Ne6
15. Rae1 Nh5 16. Bxe7 Qxe7 17. Ne5 Qg5 18. Ndf3 Qf6 19. Qc2 Rad8 20. Ng4 Qe7 21.
Nfe5 Rf8 22. Nxf7 Qxf7 23. Rxe6 Rde8 24. Rxe8 Rxe8 25. Rxe8+ Qxe8 26. Ne5 Nf6
27. Qb3 Qc8 28. Qc2 Qc7 29. Qf5 Qe7 30. Qc8+ Kh7 31. Qf5+ Kg8 32. Kf1 a6 33. Ng6
Qc7 34. Qe6+ Kh7 35. Ne5 Qb6 36. Qf5+ Kg8 37. Qc2 Qc7 38. Qf5 Qe7 39. g4 c5 40.
Qc8+ Kh7 41. Qxc5 Qe8 42. b3 Ne4 43. Qc7 Ng5 44. h4 Ne4 45. c4 dxc4 46. bxc4 Qa4
47. Qc8 Qd1+ 48. Kg2 Nf6 49. Qf5+ Kg8 50. g5 hxg5 51. hxg5 Qh5 52. Qc8+ Qe8 53.
Qxb7 Nh5 54. Qxa6 Nf4+ 55. Kg3 Ne2+ 56. Kg4 Nxd4 57. Qd6 Qc8+ 58. Qd7 {Black
forfeits on time} 1-0

[Event "Team 45 45 League T86"]
[Site "Internet Chess Club"]
[Date "2020.11.05"]
[Round "6"]
[White "MacroPawn"]
[Black "Ajolote"]
[Result "0-1"]
[WhiteElo "1883"]
[BlackElo "2008"]
[Opening "English: Neo-Catalan accepted"]
[ECO "A13"]
[Time "14:01:54"]
[TimeControl "2700+45"]

1. c4 Nf6 2. g3 e6 3. Bg2 d5 4. Nf3 dxc4 5. Qa4+ c6 6. Qxc4 b5 7. Qc2 Bb7 8. a4
Nbd7 9. O-O Rc8 10. d4 c5 11. d5 Nxd5 12. axb5 Qb6 13. Rd1 c4 14. Nc3 Bc5 15.
Ne4 Nb4 16. Qb1 Bxe4 17. Qxe4 Nf6 18. Qh4 Bxf2+ 19. Kh1 O-O 20. Bg5 Nfd5 21. Ne5
Qxb5 22. Be4 f5 23. Bb1 c3 24. Bd3 Nxd3 25. Nxd3 cxb2 26. Rab1 Ne3 {White
resigns} 0-1

[Event "Team 45 45 League T86"]
[Site "Internet Chess Club"]
[Date "2020.11.08"]
[Round "6"]
[White "laurenpar"]
[Black "PolishRyszard"]
[Result "1/2-1/2"]
[WhiteElo "1806"]
[BlackElo "1813"]
[Opening "Nimzovich-Larsen attack: modern variation"]
[ECO "A01"]
[Time "03:31:05"]
[TimeControl "2700+45"]

1. b3 e5 2. Bb2 d6 3. d4 g6 4. dxe5 Bg7 5. Nc3 dxe5 6. Qxd8+ Kxd8 7. O-O-O+ Nd7
8. g3 Nf6 9. f3 c6 10. e4 b5 11. a4 a6 12. a5 Kc7 13. b4 Re8 14. Nge2 Bf8 15.
Ba3 Bb7 16. Kb2 Rad8 17. Bh3 c5 18. Na2 {Game drawn by mutual agreement} 1/2-1/2

[Event "Team 45 45 League T86"]
[Site "Internet Chess Club"]
[Date "2020.11.12"]
[Round "6"]
[White "cadmiumorange"]
[Black "martineden"]
[Result "1/2-1/2"]
[WhiteElo "1858"]
[BlackElo "1888"]
[Opening "King's pawn opening"]
[ECO "B07"]
[Time "10:01:32"]
[TimeControl "2700+45"]

1. e4 d6 2. Nc3 Nf6 3. f4 c5 4. Nf3 Nc6 5. Bb5 a6 6. Bxc6+ bxc6 7. O-O Rb8 8. b3
g6 9. Bb2 Bg7 10. Qe2 O-O 11. Rae1 Qc7 {Game drawn by mutual agreement} 1/2-1/2

[Event "Team 45 45 League T86"]
[Site "Internet Chess Club"]
[Date "2020.11.08"]
[Round "6"]
[White "fishhead"]
[Black "walkover"]
[Result "1-0"]
[WhiteElo "1806"]
[BlackElo "1704"]
[Opening "Ruy Lopez: open, 6.d4"]
[ECO "C80"]
[Time "12:00:39"]
[TimeControl "2700+45"]

1. e4 e5 2. Nf3 Nc6 3. Bb5 a6 4. Ba4 Nf6 5. O-O Nxe4 6. d4 Be7 7. dxe5 Nc5 8.
Bxc6 dxc6 9. Qe2 O-O 10. Nc3 Bg4 11. Be3 Kh8 12. Rad1 Qe8 13. h3 Bh5 14. g4 Bg6
15. Nd4 f5 16. f4 Qf7 17. Qg2 Rad8 18. Kh2 Ne6 19. Nce2 Nxd4 20. Nxd4 Qxa2 21.
b3 Rd5 22. Ne6 fxg4 23. Nxf8 Bxf8 24. Rxd5 cxd5 25. f5 Be8 26. hxg4 c5 27. Rf2
d4 28. Bf4 Bc6 29. Qf1 Bb5 30. Qe1 Bc6 31. g5 d3 32. cxd3 Qxb3 33. Qd2 Qd5 34.
Kg3 Bb5 35. Rh2 Qxd3+ 36. Kg4 {Black forfeits on time} 1-0

[Event "Team 45 45 League T86"]
[Site "Internet Chess Club"]
[Date "2020.11.09"]
[Round "6"]
[White "ascoli"]
[Black "andrew37"]
[Result "1-0"]
[WhiteElo "1661"]
[BlackElo "1700"]
[Opening "Réti: King's Indian attack, French variation"]
[ECO "B40"]
[Time "12:00:33"]
[TimeControl "2700+45"]

1. e4 c5 2. Nf3 e6 3. d3 Nc6 4. g3 d5 5. Nbd2 Nf6 6. Bg2 Be7 7. O-O O-O 8. Re1
b5 9. e5 Nd7 10. Nf1 Bb7 11. h4 Qc7 12. Bf4 Rfc8 13. N1h2 Qd8 14. Ng4 Bf8 15.
Qe2 b4 16. Bg5 Qc7 17. Bf4 Ne7 18. Nf6+ gxf6 19. exf6 Qd8 20. fxe7 Qxe7 21. Ne5
Nxe5 22. Bxe5 f6 23. Qg4+ Kh8 24. Bf4 e5 25. Qh5 Re8 26. Re2 d4 27. Bxb7 Qxb7
28. Rae1 Qd5 29. Bc1 Qxa2 30. f4 Qg8 31. Kh2 Bg7 32. fxe5 fxe5 33. Bf4 Qf8 34.
Rxe5 Rxe5 35. Rxe5 Kg8 36. Rxc5 Re8 37. Rc7 a5 38. Rxg7+ Qxg7 39. Qxe8+ Qf8 40.
Qxf8+ Kxf8 41. Be5 a4 42. Bxd4 a3 43. bxa3 bxa3 44. c4 Kf7 45. Ba1 Ke6 46. d4
Kd6 47. c5+ Kd5 48. Kg2 h5 49. Kf3 {Black resigns} 1-0

[Event "Team 45 45 League T86"]
[Site "Internet Chess Club"]
[Date "2020.11.09"]
[Round "6"]
[White "timothysmall56"]
[Black "Gojira"]
[Result "0-1"]
[WhiteElo "1668"]
[BlackElo "1554"]
[Opening "Sicilian: Hungarian variation"]
[ECO "B27"]
[Time "20:00:52"]
[TimeControl "2700+45"]

1. e4 c5 2. Nf3 g6 3. d4 cxd4 4. Qxd4 Nf6 5. e5 Nc6 6. Qc3 Nd5 7. Qd2 Nc7 8. Bc4
Bg7 9. Qe2 d5 10. exd6 Qxd6 11. O-O Nd4 12. Nxd4 Qxd4 13. Rd1 Bg4 14. Bb5+ Nxb5
15. Qxb5+ Bd7 16. Qf1 Qb6 17. a4 Bxb2 18. a5 Qb4 19. Bxb2 Qxb2 20. Na3 Bc6 21.
Qe2 Qb4 22. Qe5 O-O 23. c3 Qh4 24. Rd4 Qf6 25. Qe3 Rfd8 26. Rad1 e6 27. Nc2 Rd5
28. Nb4 Rxd4 29. Rxd4 Rd8 30. Nxc6 bxc6 31. Kf1 Rxd4 32. cxd4 Qd8 33. Qe5 a6 34.
Ke2 Qd5 35. Qb8+ Kg7 36. Qb6 Qb5+ 37. Kd2 h5 38. Kc3 Kf6 39. h4 Ke7 40. Qc7+ Kf6
41. Qd8+ Kg7 42. Qb6 e5 43. dxe5 Qxe5+ 44. Qd4 Kf6 45. f4 Qxd4+ 46. Kxd4 Kf5 47.
g3 Ke6 48. Kc5 Kd7 49. Kb6 f5 50. Kxa6 Kc7 51. Ka7 c5 52. Ka8 c4 53. a6 c3 54.
a7 c2 55. g4 {White resigns} 0-1

[Event "Team 45 45 League T86"]
[Site "Internet Chess Club"]
[Date "2020.11.07"]
[Round "6"]
[White "Constrictor"]
[Black "goldeen7"]
[Result "1-0"]
[WhiteElo "1532"]
[BlackElo "1326"]
[Opening "Nimzovich-Larsen attack: Indian variation"]
[ECO "A01"]
[Time "11:04:25"]
[TimeControl "2700+45"]

1. b3 Nf6 2. Bb2 g6 3. e4 d6 4. g3 Bg7 5. Bg2 O-O 6. Ne2 e5 7. O-O Nc6 8. d3 Bd7
9. Nd2 a6 10. Nc4 Rb8 11. Ne3 Be6 12. f4 Ng4 13. Nxg4 Bxg4 14. h3 Bxe2 15. Qxe2
exf4 16. Bxg7 Kxg7 17. Rxf4 Qg5 18. Qe3 Qe5 19. Raf1 Qd4 20. Qf2 Rbe8 21. c3
Qxf2+ 22. R4xf2 Re5 23. d4 Rg5 24. g4 h5 25. Rf4 hxg4 26. Rxg4 Rxg4 27. hxg4 Ne7
28. Kh2 f5 29. gxf5 gxf5 30. exf5 c6 31. Bh3 Kf6 32. Re1 Nxf5 33. Bxf5 {Black
resigns} 1-0

[Event "Team 45 45 League T86"]
[Site "Internet Chess Club"]
[Date "2020.11.08"]
[Round "6"]
[White "MathBandit"]
[Black "cayo89"]
[Result "0-1"]
[WhiteElo "1661"]
[BlackElo "1595"]
[Opening "Pirc defense"]
[ECO "B07"]
[Time "16:01:25"]
[TimeControl "2700+45"]

1. e4 d6 2. d4 Nf6 3. Nc3 e5 4. Nf3 exd4 5. Nxd4 Be7 6. Bc4 O-O 7. O-O a6 8. h3
b5 9. Bd3 c5 10. Nf3 Nbd7 11. Bf4 Bb7 12. Re1 Re8 13. Qd2 Bf8 14. Rad1 Ne5 15.
Nxe5 dxe5 16. Bg5 Be7 17. Qe3 Qc7 18. a4 b4 19. Ne2 c4 {White resigns} 0-1

[Event "Team 45 45 League T86"]
[Site "Internet Chess Club"]
[Date "2020.11.15"]
[Round "6"]
[White "Chess4Him"]
[Black "Hal2001"]
[Result "1-0"]
[WhiteElo "1531"]
[BlackElo "1507"]
[Opening "Queen's pawn: London system"]
[ECO "A45"]
[Time "11:03:59"]
[TimeControl "2700+45"]

1. d4 Nf6 2. Bf4 c5 3. d5 d6 4. Nc3 a6 5. a4 g6 6. e4 Bg7 7. Nf3 O-O 8. Be2 Re8
9. Nd2 Nbd7 10. Nc4 Qc7 11. O-O Nb6 12. Qd2 Nxc4 13. Bxc4 Bd7 14. a5 Ng4 15.
Rfb1 Be5 16. Bxe5 Nxe5 17. Be2 f6 18. h3 Nf7 19. Na4 Bxa4 20. Rxa4 e6 21. c4
exd5 22. cxd5 Re7 23. Qc3 Ne5 24. f4 Nd7 25. Bd3 b5 26. axb6 Qxb6 27. Kh1 Kf7
28. b4 cxb4 29. Rbxb4 Qc5 30. Rc4 Qe3 31. e5 Nc5 32. Bxg6+ {Black resigns} 1-0

[Event "Team 45 45 League T86"]
[Site "Internet Chess Club"]
[Date "2020.11.08"]
[Round "6"]
[White "Tjet"]
[Black "BrerRabbit"]
[Result "0-1"]
[WhiteElo "1304"]
[BlackElo "1407"]
[Opening "English opening"]
[ECO "A20"]
[Time "19:01:14"]
[TimeControl "2700+45"]

1. c4 e5 2. g3 d6 3. Bg2 Be7 4. e4 Nf6 5. d3 O-O 6. Ne2 Nbd7 7. Nbc3 c6 8. O-O
a5 9. a3 Nc5 10. Rb1 a4 11. f4 Qc7 12. h3 Bd7 13. Kh2 Qa5 14. f5 Nb3 15. Be3 c5
16. Bg5 Qd8 17. Bxf6 Bxf6 18. Nd5 Bg5 19. Rh1 Nd4 20. Nxd4 cxd4 21. Qe2 Re8 22.
Bf3 Bc6 23. Kg2 Bxd5 24. cxd5 Qd7 25. h4 Be3 26. g4 Rec8 27. g5 Rc5 28. Bg4 Qc7
29. Rhf1 Rc2 30. Qxc2 Qxc2+ 31. Kf3 Qxd3 32. g6 Bf4+ 33. Kf2 Qg3+ 34. Ke2 Qxg4+
35. Kd3 Qg3+ 36. Kc4 Rc8+ 37. Kb5 Qd3+ 38. Kxa4 Rc5 39. b4 Qa6+ 40. Kb3 Rc3+
{White resigns} 0-1